Map: Deathaura LE

Players

GOStephano (Stephano) - Winner!

  • Race: Zerg Zerg
  • League: Grandmaster
  • Spawn Location: 11:00

uwuThermal (uThermal)

  • Race: Terran Terran
  • League: Grandmaster
  • Spawn Location: 5:00

Event: DreamHack SC2 Masters 2020 Fall

VOD

Have the link to the VOD?

Description

Time

  • Played on: Sept. 9, 2020, 3:21 p.m.
  • Length: 14:53

All games in this series

Show
View Real Time Build Order
Export as new Build Order

GOStephano Zerg - Winner!

Build Orders: Hatch First, Swarm Host 

Get SALT Encoding   

  12  0:00  Drone  
  13  0:12  Overlord  
  13  0:16  Drone  
  14  0:30  Drone x2  
  16  0:47  Hatchery  
  15  0:50  Drone  
  15  0:54  Drone  
  17  0:57  Drone  
  18  1:08  Extractor  
  17  1:13  Spawning Pool  
  17  1:16  Drone  
  17  1:19  Drone  
  18  1:28  Drone  
  19  1:38  Drone  
  20  1:49  Drone  
  21  2:00  Queen x2  
  21  2:01  Zergling x4  
  27  2:09  Drone  
  27  2:10  Overlord  
  28  2:22  Hatchery  
  27  2:24  Drone  
  27  2:29  Drone  
  29  2:31  Drone  
  29  2:32  Drone  
  31  2:40  Queen  
  33  2:46  Metabolic Boost  
  33  2:47  Drone  
  34  2:51  Overlord  
  34  2:55  Drone  
  34  2:58  Drone  
  36  3:11  Drone x3  
  36  3:12  Drone x2  
  41  3:15  Drone  
  41  3:18  Queen  
  44  3:20  Overlord  
  44  3:31  Drone, Extractor  
  44  3:32  Extractor, Roach Warren  
  44  3:34  Drone  
  43  3:37  Drone x2  
  45  3:45  Zergling x6  
  45  3:46  Drone x2  
  50  3:51  Overlord  
  50  3:52  Overlord  
  50  3:57  Overlord  
  52  4:17  Roach x8  
  52  4:21  Roach  
  68  4:27  Roach x2  
  72  4:33  Zergling x8  
  72  4:38  Zergling x4  
  78  4:44  Zergling x4  
  76  4:51  Zergling x10  
  80  4:59  Ravager  
  81  5:00  Overlord  
  81  5:01  Overlord x2  
  81  5:11  Overlord  
  81  5:15  Ravager x2  
  80  5:22  Zergling x12  
  80  5:23  Zergling x4  
  82  5:33  Drone x2  
  66  5:43  Drone x2  
  66  5:45  Drone  
  65  5:53  Drone x2  
  63  6:00  Drone x2  
  63  6:03  Drone  
  60  6:08  Drone x2  
  60  6:09  Drone  
  59  6:12  Drone  
  59  6:17  Drone x2  
  56  6:20  Drone x2  
  54  6:30  Drone x5  
  57  6:34  Spore Crawler  
  54  6:40  Drone x2, Lair  
  54  6:47  Queen  
  58  6:55  Spore Crawler  
  55  7:02  Queen  
  55  7:03  Drone x3  
  60  7:14  Spore Crawler  
  53  7:22  Queen  
  53  7:33  Zergling x10  
  53  7:36  Zergling x6  
  53  7:37  Zergling x2  
  59  7:38  Queen  
  59  7:39  Queen  
  61  7:50  Spire  
  57  7:55  Roach x2  
  59  8:01  Drone x3  
  61  8:08  Glial Reconstitution  
  61  8:12  Drone x5  
  66  8:16  Overseer  
  66  8:18  Roach x2  
  70  8:26  Roach x3  
  75  8:34  Drone x5  
  75  8:37  Drone x3  
  75  8:40  Extractor  
  81  8:44  Drone x4  
  85  8:50  Overlord  
  85  8:52  Overlord  
  85  8:56  Extractor  
  85  8:57  Extractor  
  85  9:02  Drone x3  
  86  9:10  Evolution Chamber  
  82  9:19  Drone x8  
  82  9:25  Drone x6  
  82  9:30  Corruptor  
  90  9:33  Corruptor  
  90  9:34  Corruptor  
  94  9:43  Corruptor x2  
  96  9:55  Corruptor x2  
  91  10:04  Drone x6  
  87  10:15  Roach x4  
  87  10:16  Roach  
  97  10:23  Infestation Pit  
  97  10:24  Hatchery  
  97  10:27  Roach x4  
  97  10:28  Overseer  
  103  10:32  Evolution Chamber  
  102  10:39  Roach x4  
  110  10:49  Roach x4  
  117  10:59  Drone x5, Overlord  
  117  11:00  Overlord  
  122  11:07  Overlord  
  122  11:09  Zerg Missile Weapons Level 1  
  122  11:11  Nydus Network  
  122  11:16  Overlord  
  122  11:17  Overlord  
  121  11:22  Overseer  
  121  11:23  Pneumatized Carapace  
  121  11:31  Swarm Host x3  
  121  11:32  Swarm Host x4  
  142  11:40  Swarm Host x3  
  155  11:47  Drone x6, Extractor  
  156  11:57  Nydus Canal  
  156  11:58  Swarm Host x4  
  168  12:02  Overlord x2  
  168  12:13  Spine Crawler  
  168  12:14  Spine Crawler  
  164  12:19  Roach x2  
  167  12:26  Overlord  
  167  12:27  Nydus Canal  
  167  12:28  Overlord  
  167  12:30  Drone x4  
  167  12:31  Overlord  
  167  12:33  Extractor  
  167  12:36  Swarm Host x2  
  167  12:37  Overlord, Swarm Host x2  
  170  12:44  Evolution Chamber  
  181  12:47  Baneling Nest  
  170  12:52  Roach x6  
  170  12:53  Roach  
  170  12:58  Roach x3  
  174  13:02  Nydus Canal  
  174  13:03  Roach x2  
  170  13:07  Roach  
  170  13:08  Roach x2  
  172  13:25  Hive  
  172  13:26  Drone  
  172  13:27  Drone  
  174  13:28  Nydus Canal  
  174  13:32  Overlord  
  170  13:40  Zergling x12  
  170  13:41  Zergling x22  
  185  13:43  Overseer x2  
  185  13:53  Zergling x16  
  189  14:01  Roach x5  
  189  14:02  Roach x2, Baneling x2  
  191  14:06  Nydus Canal  
  189  14:16  Baneling  
  189  14:17  Baneling x3  
  189  14:23  Ravager x10  
  199  14:31  Roach x5  
  195  14:33  Hatchery  
Show
View Real Time Build Order
Export as new Build Order

uwuThermal Terran 

Build Orders: Reaper Expand 

Get SALT Encoding   

  12  0:00  SCV  
  13  0:12  SCV  
  14  0:16  Supply Depot  
  14  0:24  SCV  
  15  0:38  SCV  
  15  0:39  Barracks  
  16  0:43  Refinery  
  16  0:50  SCV  
  17  1:02  SCV  
  18  1:14  SCV  
  19  1:26  Reaper  
  19  1:27  Orbital Command  
  20  1:39  Command Center  
  20  1:48  Supply Depot  
  20  1:53  SCV  
  21  1:58  Marine  
  22  2:05  SCV  
  23  2:08  Factory  
  23  2:17  SCV  
  23  2:19  Barracks Reactor  
  24  2:29  SCV  
  25  2:41  Command Center  
  25  2:46  SCV  
  25  2:51  Orbital Command  
  26  2:58  SCV  
  26  3:01  Starport  
  27  3:06  Refinery  
  27  3:11  SCV  
  28  3:13  Hellion  
  28  3:17  SCV  
  31  3:21  Hellion  
  31  3:23  SCV  
  34  3:29  SCV  
  35  3:35  Hellion, SCV  
  38  3:42  Fusion Core, Hellion  
  38  3:43  SCV  
  38  3:47  SCV  
  42  3:49  Starport Tech Lab  
  42  3:55  Orbital Command, SCV  
  43  3:58  Hellion  
  43  3:59  SCV  
  46  4:04  Hellion  
  46  4:07  SCV, Supply Depot  
  49  4:17  SCV  
  49  4:19  Hellion  
  49  4:22  SCV x2  
  53  4:25  Hellion  
  53  4:30  SCV, Supply Depot  
  56  4:34  SCV x2  
  58  4:42  Hellion, Battlecruiser  
  66  4:46  Hellion  
  66  4:48  Refinery, SCV  
  66  4:49  Refinery  
  66  4:52  SCV  
  70  4:55  Supply Depot  
  70  4:57  Supply Depot  
  70  4:58  SCV  
  71  5:00  SCV  
  71  5:05  Hellion, Supply Depot  
  71  5:06  SCV  
  75  5:08  Hellion  
  77  5:16  SCV x2  
  77  5:18  SCV  
  78  5:26  Hellion  
  78  5:28  SCV  
  79  5:29  Hellion  
  57  5:41  Orbital Command  
  48  5:44  SCV  
  48  5:48  Hellion, SCV  
  54  5:51  Hellion  
  43  5:57  SCV  
  34  6:08  SCV x2  
  34  6:09  Hellion, SCV  
  34  6:12  Hellion  
  24  6:20  SCV  
  24  6:21  SCV  
  24  6:25  Orbital Command  
  24  6:32  SCV  
  22  6:33  SCV  
  21  6:44  SCV  
  21  6:46  SCV  
  23  6:55  Hellion  
  23  6:56  SCV  
  26  7:02  Hellion  
  26  7:04  SCV  
  26  7:06  SCV  
  30  7:08  SCV  
  29  7:16  SCV  
  29  7:18  SCV  
  29  7:21  SCV  
  32  7:27  Hellion  
  32  7:28  SCV  
  35  7:30  SCV  
  35  7:31  Hellion  
  35  7:35  SCV  
  39  7:40  SCV  
  39  7:42  SCV  
  41  7:47  SCV  
  41  7:49  Hellion  
  44  7:52  SCV  
  44  7:53  Hellion  
  44  7:54  SCV  
  48  7:59  SCV  
  48  8:04  SCV  
  50  8:06  SCV  
  50  8:11  Hellion  
  50  8:12  SCV  
  54  8:14  Hellion  
  54  8:15  Factory  
  54  8:16  SCV  
  57  8:20  SCV  
  57  8:23  Factory  
  57  8:24  SCV  
  59  8:28  SCV  
  59  8:32  SCV  
  61  8:35  Hellion x2  
  61  8:36  SCV  
  61  8:40  SCV  
  67  8:44  SCV  
  67  8:48  SCV  
  69  8:53  SCV, Supply Depot  
  69  8:54  Supply Depot  
  70  8:58  Orbital Command, Hellion  
  70  8:59  Factory Tech Lab  
  70  9:00  SCV  
  74  9:05  SCV  
  74  9:07  Factory Tech Lab  
  74  9:09  Hellion  
  74  9:12  SCV  
  75  9:17  SCV  
  75  9:20  Hellion  
  75  9:21  Siege Tank  
  71  9:24  SCV  
  71  9:26  Siege Tank  
  71  9:27  SCV  
  71  9:29  SCV  
  69  9:36  SCV  
  70  9:39  SCV  
  70  9:41  SCV  
  70  9:43  Armory  
  70  9:44  Armory  
  74  9:46  Hellion  
  74  9:48  SCV  
  74  9:51  SCV  
  76  9:53  Siege Tank, SCV  
  76  9:58  Siege Tank  
  82  10:00  SCV  
  82  10:04  SCV  
  82  10:05  SCV  
  78  10:13  SCV  
  78  10:16  SCV, Mag-Field Accelerator  
  78  10:17  SCV  
  78  10:20  Factory  
  80  10:22  Factory  
  80  10:25  SCV  
  80  10:26  Cyclone  
  80  10:28  SCV  
  85  10:29  SCV  
  85  10:30  Cyclone  
  85  10:32  Orbital Command  
  85  10:34  Terran Vehicle Weapons Level 1  
  85  10:35  Terran Vehicle And Ship Armor Level 1  
  89  10:37  Refinery, SCV  
  89  10:40  Refinery  
  89  10:41  SCV  
  92  10:44  Hellion  
  92  10:45  Hellion  
  95  10:51  SCV  
  95  10:54  SCV  
  91  10:58  Hellion  
  91  10:59  SCV  
  91  11:02  Cyclone  
  91  11:03  SCV  
  98  11:06  SCV  
  98  11:08  Factory Tech Lab, Factory Reactor  
  100  11:11  SCV  
  100  11:16  SCV  
  100  11:18  Hellion x2, Supply Depot  
  105  11:23  SCV, Supply Depot  
  106  11:26  Cyclone  
  109  11:34  Infernal Pre-Igniter  
  109  11:36  Engineering Bay  
  109  11:37  SCV x2, Supply Depot  
  107  11:40  Cyclone x2  
  119  11:47  Hellion x3  
  119  11:50  Supply Depot  
  119  12:03  Cyclone  
  119  12:04  Command Center  
  119  12:07  Hellion  
  124  12:12  Cyclone  
  124  12:15  Cyclone, Supply Depot  
  120  12:31  Hellion x3  
  120  12:32  Hellion  
  120  12:35  Cyclone  
  127  12:38  SCV  
  127  12:44  Cyclone, SCV  
  127  12:47  Cyclone  
  122  12:52  SCV  
  117  13:03  Hellion  
  117  13:04  Orbital Command, Hellion  
  115  13:07  Cyclone  
  115  13:11  SCV  
  119  13:16  Cyclone  
  119  13:19  Orbital Command, Cyclone  
  119  13:38  Hellion  
  119  13:39  Cyclone  
  119  13:40  Hellion x2  
  125  13:48  Cyclone  
  125  13:51  Hellion, Cyclone  
  125  14:11  Hellion x2, Cyclone  
  125  14:12  SCV  
  129  14:20  SCV  
  129  14:21  Cyclone  

Tags
 
Add a new tag
Caveats
  • Supply blocks, unpowered buildings, or Contaminate may cause inaccurate times.
  • Supply counts are checked every 10 seconds.